 Dungeon Crawl Stone Soup version 0.19.0-24-gb05acd6 (console) character file.

12 Jesseh the Ruffian (level 2, -2/26 HPs)
             Began as a Ghoul Monk on Nov 22, 2016.
             Hit by a tomahawk thrown by a kobold (4 damage)
             ... on level 1 of the Dungeon.
             The game lasted 00:02:12 (170 turns).

Jesseh the Ruffian (Ghoul Monk)                      Turns: 170, Time: 00:02:12

Health: -2/26      AC:  2    Str: 14    XL:     2   Next: 33%
Magic:  1/1        EV: 13    Int:  5    God:
Gold:   48         SH:  0    Dex: 11    Spells: 0 memorised, 1 level left

rFire  . . .     SeeInvis .       - Unarmed
rCold  + . .     Gourm    .     a - +0 robe
rNeg   + + +     Faith    .     (no shield)
rPois  ∞         Spirit   .     (no helmet)
rElec  .         Reflect  .     (no cloak)
rCorr  .         Harm     +     (no gloves)
MR     .....                    (no boots)
Stlth  ++........               h - amulet of harm
                                (no ring)
                                (no ring)

@: rotting
A: rotting body, claws 1, carnivore 3, cold resistance 1, negative energy
resistance 3, slow regeneration 1, torment resistance, unbreathing
a: no special abilities


You were on level 1 of the Dungeon.
You were not hungry.

You visited 1 branch of the dungeon, and saw 1 of its levels.

You collected 48 gold pieces.

Inventory:

Armour
 a - a +0 robe (worn)
Jewellery
 h - an amulet of harm (around neck)
   (You found it on level 1 of the Dungeon)
Scrolls
 d - a scroll of identify {unknown}
 e - a scroll of recharging {unknown}
 g - a scroll of immolation {unknown}
Potions
 c - a potion of beneficial mutation {unknown}
Comestibles
 b - a meat ration
 f - 3 chunks of flesh


   Skills:
 - Level 3.2 Fighting
 * Level 3.0 Dodging
 - Level 2.1 Stealth
 * Level 3.7 Unarmed Combat


You had one spell level left.
You didn't know any spells.

Dungeon Overview and Level Annotations

Branches:
Dungeon (1/15)

Altars:


Innate Abilities, Weirdness & Mutations

Your body is rotting away.
You thrive on raw meat.
You are immune to poison.
You have sharp fingernails.
You are carnivorous and can eat meat at any time.
Your flesh is cold resistant. (rC+)
You are immune to negative energy. (rN+++)
You regenerate slowly when monsters are visible.
You are immune to unholy pain and torment.
You can survive without breathing.


Message History

You see here a club.
d - a scroll labeled GIURYSH XA NIO A goblin and a hobgoblin come into view.
A goblin comes into view.
The hobgoblin shouts!
You see here 4 gold pieces.
You now have 4 gold pieces.
The goblin shouts!
The goblin closely misses you.
You closely miss the goblin. The goblin misses you.
You scratch the goblin.
You kill the goblin!
You scratch the hobgoblin but do no damage.
The hobgoblin misses you.
You closely miss the hobgoblin. The hobgoblin closely misses you.
You scratch the hobgoblin.
You kill the hobgoblin!
You see here a hobgoblin corpse.
You butcher the hobgoblin corpse.
f - a chunk of flesh A rat comes into view.
The rat moves out of view.
A leopard gecko comes into view.
There is a dry fountain here.
You now have 23 gold pieces (gained 19).
e - a scroll labeled KAIPHE INNET You scratch the leopard gecko.
You kill the leopard gecko!
You see here a leopard gecko corpse.
You butcher the leopard gecko corpse.
f - 3 chunks of flesh (gained 2)
g - a scroll labeled ATUXTOL BABING You feel your flesh rotting away.
Eating one of 3 chunks of flesh.
You start eating one of the 3 chunks of flesh.
You feel more resilient.
This raw flesh tastes great!
A kobold comes into view.
You see here 11 gold pieces.
The kobold shouts!
The kobold barely misses you.
You scratch the kobold. The kobold hits you but does no damage.
You scratch the kobold but do no damage.
The kobold hits you.
You scratch the kobold. The kobold barely misses you.
You scratch the kobold.
You kill the kobold!
You have reached level 2!
You see here a kobold corpse.
You butcher the kobold corpse.
f - 3 chunks of flesh (gained 1)
You now have 34 gold pieces (gained 11).
Why would you want to do that?
There is a fountain of sparkling water here.
You see here 23 stones.
h - a small cameo amulet The rat is too close now for your liking.
The rat bites you.
You claw the rat!
You kill the rat!
Put on which piece of jewellery? (? for menu, Esc to quit)
h - an amulet of harm (around neck)
You now have 48 gold pieces (gained 14).
The goblin shouts!
A giant cockroach comes into view.
A giant cockroach comes into view.
The goblin barely misses you.
You scratch the goblin but do no damage.
The giant cockroach bites you but does no damage.
The goblin misses you.
You closely miss the goblin. The giant cockroach bites you.
The goblin hits you but does no damage. The giant cockroach closely misses you.
You scratch the goblin.
You kill the goblin!
Your Dodging skill increases to level 3!
The giant cockroach closely misses you.
A kobold comes into view. It is wielding a club.
You barely miss the giant cockroach.
The giant cockroach bites you but does no damage.
The kobold shouts!
You scratch the giant cockroach.
You kill the giant cockroach!
The kobold throws a tomahawk.
The tomahawk hits you. The giant cockroach barely misses you.
You claw the giant cockroach!
You kill the giant cockroach!
The kobold throws a tomahawk.
The tomahawk hits you.
* * * LOW HITPOINT WARNING * * *
The kobold throws a tomahawk.
The tomahawk closely misses you.
You see here a tomahawk.
The kobold throws a tomahawk.
The tomahawk hits you.
* * * LOW HITPOINT WARNING * * *
You see here a tomahawk.
The kobold throws a tomahawk.
The tomahawk closely misses you.
A goblin comes into view.
The kobold throws a tomahawk.
The tomahawk barely misses you.
The kobold throws a tomahawk.
The tomahawk hits you.
* * * LOW HITPOINT WARNING * * *
You see here a tomahawk.
The kobold throws a tomahawk.
The tomahawk hits you.
You die...

▒▒▒... ▒▒....▒▒▒.
....▒▒.....▒▒.........
......▒▒..▒▒..▒▒.....
..............▒.....
..........▒▒.▒.....
..................
▒.......▒▒..▒.....
...▒▒▒▒......▒▒▒........
▒.....n..........▒▒..▒.
▒............▒...▒▒▒...
.......▒▒.(.....▒..▒▒▒..
...[... ▒...(.((▒▒..▒▒▒.
.......▒...▒.(.)▒ ▒.▒ ..
.......▒.▒.▒....▒ .▒ ..
..................... ..
.....!.....K..........
...........▒.....▒.


You could see a kobold.

Vanquished Creatures
  A leopard gecko (D:1)
  2 giant cockroaches (D:1)
  3 goblins (D:1)
  A hobgoblin (D:1)
  A kobold (D:1)
  A rat (D:1)
9 creatures vanquished.

Notes
Turn   | Place    | Note
-------+----------+-------------------------------------------
     0 | D:1      | Jesseh the Ghoul Monk began the quest for the Orb.
     0 | D:1      | Reached XP level 1. HP: 19/19 MP: 0/0
    81 | D:1      | Reached XP level 2. HP: 20/26 MP: 1/1
   158 | D:1      | Reached skill level 3 in Dodging
   163 | D:1      | HP: 5/26 [kobold/tomahawk (2)]
   167 | D:1      | HP: 2/26 [kobold/tomahawk (3)]
   170 | D:1      | Hit by a tomahawk thrown by a kobold

Skill      XL: |  1  2 |
---------------+-------+-----
Dodging        | 3 |  3.0
Fighting       | |  3.2
Stealth        | |  2.1
Unarmed Combat | |  3.7

Action                   || total
-------------------------++-------
Melee: Unarmed           ||    20
  Eat: Chunk             ||     1
Armor: Robe              ||     4
Dodge: Dodged            ||    14

Vault maps used:
D:1:      grunt_arrival_crossed_arrows, fountainhead

Table legend:
 A = Turns spent in this place as a percentage of turns spent in the entire game.
 B = Non-inter-level travel turns spent in this place as a percentage of non-inter-level travel turns spent in the entire game.
 C = Inter-level travel turns spent in this place as a percentage of turns spent in this place.
 D = Turns resting spent in this place as a percentage of non-inter-level travel turns spent in this place.
 E = Turns spent auto-exploring this place as a percentage of non-inter-level travel turns spent in this place.
 F = Non-inter-level travel turns spent in this place divided by the number of levels of this place that you've seen.
                   A       B       C       D       E      F
               +-------+-------+-------+-------+-------+----------------------
         Total | 100.0 | 100.0 |   0.0 |   0.0 |   6.3 | 111.0
       Dungeon | 100.0 | 100.0 |   0.0 |   0.0 |   6.3 | 111.0
               +-------+-------+-------+-------+-------+----------------------

Table legend:
 A = Kills in this place as a percentage of kills in entire the game.
 B = Kills by you in this place as a percentage of kills by you in the entire game.
 C = Kills by friends in this place as a percentage of kills by friends in the entire game.
 D = Other kills in this place as a percentage of other kills in the entire game.
 E = Experience gained in this place as a percentage of experience gained in the entire game.
 F = Experience gained in this place divided by the number of levels of this place that you have seen.
                   A       B       C       D       E      F
               +-------+-------+-------+-------+-------+----------------------
         Total | 100.0 | 100.0 |  -nan |  -nan | 100.0 |  18.0
       Dungeon | 100.0 | 100.0 |  -nan |  -nan | 100.0 |  18.0
               +-------+-------+-------+-------+-------+----------------------
